AoeStats
← Scary Shrimp

Lombardia

507122134Analyzed
3v3 RM · 15d ago on Sep 16, 2026· 41m 35s· 6 players
Game mode
Random Map
Map size
Normal (6 player)
Population
200
Speed
Normal
Resources
Standard
Victory
Conquest
Starting age
Dark Age
Ending age
Imperial Age
RankedLock teamsTeams togetherTeam positionsShared explorationLock speedFull tech treeHidden civsTurbo modeCheats
Victory
Defeat
🇫🇷 Berbers · France
1132
+29
🇩🇪 Cumans · Germany
1090
+16
🇩🇪 Georgians · Germany
1062
+17
🇳🇱 Poles · Netherlands
1152
-18
🇳🇱 Celts · Netherlands
1146
-18
🇳🇱 Sicilians · Netherlands
995
-12
Scary Shrimp
7:57 Loom
10:11 Feudal Age
10:43 Double-Bit Axe
12:51 Horse Collar
14:24 Bloodlines
18:06 Wheelbarrow
22:57 Castle Age
21:12 Scale Barding Armor
21:46 Stone Mining
22:51 Forging
23:28 Light Cavalry
24:09 Husbandry
24:32 Chain Barding Armor
26:44 Iron Casting
29:33 Stone Shaft Mining
29:14 Bow Saw
31:05 Fletching
35:17 Gold Mining
35:30 Heavy Plow
37:16 Hand Cart
38:00 Szlachta Privileges
43:00 Imperial Age
Jeremy Fragrance
4:40 Loom
10:43 Feudal Age
10:43 Man-at-Arms
11:14 Double-Bit Axe
11:42 Horse Collar
12:14 Scale Mail Armor
14:37 Forging
17:45 Arson
22:19 Castle Age
22:54 Long Swordsman
23:22 Gambesons
23:54 Chain Mail Armor
24:22 Wheelbarrow
23:44 Pikeman
28:54 Iron Casting
31:02 Hand Cart
31:16 Bow Saw
34:58 Gambesons
38:44 Imperial Age
37:02 Heavy Plow
38:07 Stronghold
38:49 Halberdier
40:01 Plate Mail Armor
40:18 Conscription
39:58 Onager
41:51 Siege Engineers
ItalianDwayne
11:18 Feudal Age
12:21 Horse Collar
12:31 Double-Bit Axe
15:44 Loom
20:48 Scale Mail Armor
28:48 Castle Age
28:38 Wheelbarrow
27:59 Gold Mining
28:50 Forging
30:23 Bow Saw
31:00 Chain Mail Armor
31:20 Iron Casting
30:55 Scale Barding Armor
31:11 Pikeman
34:20 Stone Mining
35:07 Gold Shaft Mining
35:37 First Crusade
37:58 Chain Mail Armor
38:19 Iron Casting
40:13 Chain Barding Armor
Frog__legs__
7:11 Loom
9:49 Feudal Age
10:37 Double-Bit Axe
20:22 Castle Age
19:15 Horse Collar
20:55 Gold Mining
21:46 Bow Saw
23:39 Bloodlines
26:09 Husbandry
26:32 Scale Barding Armor
27:46 Chain Barding Armor
30:44 Heavy Plow
31:05 Forging
39:17 Iron Casting
40:00 Gold Shaft Mining
39:16 Stone Mining
wuzar
4:08 Loom
10:19 Feudal Age
11:09 Double-Bit Axe
12:20 Bloodlines
14:21 Loom
22:49 Castle Age
21:40 Scale Barding Armor
21:45 Forging
21:31 Gold Mining
21:26 Horse Collar
23:23 Wheelbarrow
23:20 Bloodlines
24:35 Chain Barding Armor
24:50 Iron Casting
25:31 Bow Saw
26:46 Gold Shaft Mining
26:01 Stone Mining
29:16 Heavy Plow
32:31 Imperial Age
30:41 Hand Cart
30:51 Fletching
31:03 Town Watch
32:06 Town Patrol
32:57 Cavalier
34:17 Plate Barding Armor
34:42 Blast Furnace
34:06 Conscription
33:53 Steppe Husbandry
34:51 Guilds
34:16 Capped Ram
35:14 Paladin
39:34 Coinage
40:02 Bodkin Arrow
39:37 Siege Ram
41:00 Light Cavalry
Der Betreuer
11:28 Feudal Age
12:34 Loom
16:18 Castle Age
14:23 Fletching
17:30 Wheelbarrow
16:57 Double-Bit Axe
20:44 Bodkin Arrow
24:23 Padded Archer Armor
26:02 Ballistics
26:01 Leather Archer Armor
29:07 Squires
29:11 Horse Collar
30:02 Pikeman
30:51 Scale Mail Armor
36:00 Svan Towers
39:11 Imperial Age
37:15 Heavy Plow
37:26 Scale Barding Armor
38:26 Hand Cart
38:29 Husbandry
39:01 Bloodlines
40:26 Town Watch
41:07 Bracer
42:09 Conscription
42:21 Chain Barding Armor
42:12 Forging
Connection lost

Rejoining the realm…

Still unreachable

The connection could not be restored.

Session expired

The server has moved on; the page needs a fresh start.